 Dungeon Crawl Stone Soup version 0.29.1-12-g30fa7ad0bf (webtiles) character file.

Game seed: 14747676459954068026

307 Descartes the Grasshopper (level 6, 0/44 HPs)
             Began as a Formicid Warper on Jan 16, 2023.
             Slain by a lemure (9 damage)
             ... led by Pikel
             ... on level 4 of the Dungeon.
             The game lasted 00:09:39 (2773 turns).

Descartes the Grasshopper (Formicid Warper)         Turns: 2773, Time: 00:09:39

Health: 0/44       AC:  8    Str: 17    XL:     6   Next: 68%
Magic:  9/9        EV: 10    Int: 13    God:
Gold:   182        SH:  0    Dex: 13    Spells: 9/9 levels left

rFire   . . .      SeeInvis +   y - +0 war axe
rCold   . . .      Faith    .   (no shield)
rNeg    . . .      Spirit   .   m - +0 scale mail
rPois   .          Reflect  .   (helmet unavailable)
rElec   .          Harm     +   l - scarf {harm}
rCorr   .          Rampage  .   (no gloves)
Will    .....                   p - +0 pair of boots
Stlth   ..........              d - amulet of regeneration
HPRegen 0.94/turn               (no ring)
MPRegen 0.11/turn               (no ring)

@: no status effects
A: permanent stasis, dig shafts and tunnels, antennae 3, four strong arms
a: Dig, Shaft Self


You were on level 4 of the Dungeon.
You visited 1 branch of the dungeon, and saw 4 of its levels.

You collected 182 gold pieces.

Inventory:

Hand Weapons
 w - a +1 whip of holy wrath
 y - a +0 war axe (weapon)
Missiles
 c - 7 boomerangs of dispersal (quivered)
 v - 7 boomerangs
 x - a silver boomerang
Armour
 l - a scarf of harm (worn)
 m - a +0 scale mail (worn)
 p - a +0 pair of boots (worn)
Jewellery
 d - an amulet of regeneration (around neck)
Wands
 a - a wand of charming (8)
Scrolls
 b - a scroll of silence {unknown}
 f - a scroll of poison {unknown}
 g - 8 scrolls of identify {unknown}
 k - a scroll of enchant armour {unknown}
 q - a scroll of acquirement {unknown}
 r - 2 scrolls of vulnerability {unknown}
 s - a scroll of amnesia {unknown}
 t - a scroll of fear {unknown}
 u - 2 scrolls of teleportation {unknown}
Potions
 e - 2 potions of mutation {unknown}
 h - 2 potions of flight
 i - 3 potions of curing
 j - a potion of haste {unknown}
 n - a potion of resistance {unknown}
 o - a potion of brilliance {unknown}


   Skills:
 - Level 2.1 Fighting
 + Level 3.6 Axes
 - Level 1.0 Throwing
 + Level 3.5 Armour
 - Level 1.7 Dodging
 + Level 3.5 Shields
 - Level 2.1 Spellcasting
 + Level 3.9 Translocations


You had 9 spell levels left.
You didn't know any spells.
Your spell library contained the following spells:

 Spells                   Type           Power      Damage    Failure   Level
 Gell's Gravitas          Tloc           11%        N/A       43%         3
 Lesser Beckoning         Tloc           11%        N/A       43%         3
 Teleport Other           Tloc           11%        N/A       43%         3
 Manifold Assault         Tloc           11%        N/A       99%         5
 Blink                    Tloc           Unusable   N/A       N/A         2

Dungeon Overview and Level Annotations

Branches:
Dungeon (4/15)
 Temple: D:4-7

Altars:
Fedhas

Shops:
D:1 ?[(   D:2 (

Annotations:
D:2 Sigmund
D:4 Pikel


Innate Abilities, Weirdness & Mutations

You cannot be hasted, slowed, berserked, paralysed or teleported.
You can dig through walls and to a lower floor.
You have a pair of large antennae on your head. (SInv)
Your four strong arms can wield two-handed weapons with a shield.


Message History

You slash the gnoll!
You kill the gnoll!
Found a stone staircase leading up.
Things that are here:
a +0 club; a +2 leather armour of willpower
g - 8 scrolls labelled NYOXIA AS BUE (gained 1)
i - 2 potions of curing (gained 1)
Things that are here:
a +0 flail; a +0 flail; an orc corpse You now have 182 gold pieces (gained 9).
a - a wand of charming (8)
i - 3 potions of curing (gained 1) Pikel, Merchant of Souls comes into view.
He is wielding a +0 whip of electrocution.
Pikel shouts!
A lemure comes into view. 2 lemures come into view.
The lemure shouts! x3
A lemure comes into view.
Pikel hits you with a +0 whip of electrocution.
You hit Pikel.
Pikel is lightly wounded.
Pikel hits you but does no damage.
You hit Pikel.
Pikel is lightly wounded.
Pikel hits you with a +0 whip of electrocution.
You hit Pikel but do no damage.
Pikel is lightly wounded.
You hit the lemure but do no damage.
Pikel hits you with a +0 whip of electrocution!
The lemure hits you. Pikel closely misses you.
You hit Pikel but do no damage.
Pikel is lightly wounded.
You hit the lemure. x2; You miss the lemure.
You closely miss the lemure.
The lemure closely misses you. x2; The lemure misses you.
The lemure hits you.
Pikel hits you with a +0 whip of electrocution.
You are electrocuted!
* * * LOW HITPOINT WARNING * * *
The lemure attacks as you move away! The lemure hits you but does no damage.
The lemure hits you!
You die...

#.#..#..... #.#.......
#.#..##.# #
#.......#.# . .
##...)..#.#....
#.......)......
#..K).......#..
#.5555.........
#...!.#@...##.#.#.#
##.####...........#
#.#..#..#.##.#.###
#.#..#..#.##.#.#
#####.#..#.......# #
#[....#.......#..#
#.##..#.....###..#
#.............#..#
#####.....).#####.#...


You could see Pikel and 4 lemures.

Vanquished Creatures
  A phantom (D:3)
  A hound (D:3)
  Terence (D:3)
  3 gnolls (D:4)
  4 adders
  A worm (D:1)
  A dart slug (D:2)
  20 orcs
  6 bats
  7 endoplasms
  A giant cockroach (D:1)
  7 goblins
  6 hobgoblins
  2 jackals (D:3)
  5 kobolds
  5 quokkas
  6 ball pythons
  2 frilled lizards
  8 rats
87 creatures vanquished.

Notes
Turn   | Place    | Note
-------+----------+-------------------------------------------
     0 | D:1      | Descartes the Formicid Warper began the quest for the Orb.
     0 | D:1      | Reached XP level 1. HP: 16/16 MP: 3/3
    28 | D:1      | Found Xegufis's Weapon Shoppe.
   272 | D:1      | Reached XP level 2. HP: 22/22 MP: 5/5
   273 | D:1      | Found Xeosh's Armour Shoppe.
   559 | D:1      | Found Tiuxta's Magic Scroll Shop.
   810 | D:1      | Reached XP level 3. HP: 26/27 MP: 6/6
   814 | D:1      | Reached skill level 1 in Shields
   992 | D:2      | Found Leyr's Antique Weapon Shop.
  1151 | D:2      | Reached XP level 4. HP: 33/33 MP: 7/7
  1223 | D:2      | Noticed Sigmund
  1428 | D:2      | Found a faded altar of an unknown god.
  1584 | D:3      | Reached XP level 5. HP: 38/38 MP: 8/8
  1760 | D:3      | Noticed a phantom
  1793 | D:3      | Killed a phantom
  1794 | D:3      | Reached XP level 6. HP: 31/44 MP: 9/9
  1842 | D:3      | Found a blossoming altar of Fedhas.
  2123 | D:3      | Noticed Terence
  2146 | D:3      | Killed Terence
  2765 | D:4      | Noticed Pikel
  2773 | D:4      | Slain by a lemure

Illustrated notes

Levels and vault maps discovered:
D:1:      psy_arrival_conway, layout_rooms, serial_shops, nicolae_shop_crystal,
          nicolae_shop_bloodbath_and_beyond, shop
D:2:      layout_rooms, serial_shops, nicolae_shop_window_shopping,
          hellmonk_ecumenical_altar_slurped_away, uniq_sigmund
D:3:      layout_basic, lemuel_crystal_altar, uniq_terence
D:4:      minmay_evil_eye, layout_basic, uniq_pikel

Skill      XL: |  1  2  3  4  5 |
---------------+----------------+-----
Translocations | 3 |  3.9
Shields        | 1 2 3 |  3.5
Armour         | 2 3 |  3.5
Axes           | 3 |  3.6
Fighting       | |  2.1
Throwing       | |  1.0
Dodging        | |  1.7
Spellcasting   | |  2.1

Action                   |  1- 3 |  4- 6 || total
-------------------------+-------+-------++-------
Melee: Hand axe          |   109 |   186 ||   295
       War axe           |       |    62 ||    62
       Punch             |       |     1 ||     1
  Use: Potion            |       |     2 ||     2
Armor: Leather armour    |    15 |       ||    15
       Scale mail        |    32 |   122 ||   154
Dodge: Dodged            |    61 |   165 ||   226
